 Dungeon Crawl Stone Soup version 0.19.0-2-gae57169 (webtiles) character file.

190 taqueso the Slasher (level 5, -1/25 HPs)
             Began as a Spriggan Gladiator on Nov 3, 2016.
             Was an Initiate of Ashenzari.
             Slain by a crocodile (16 damage)
             ... in a sewer.
             The game lasted 00:06:45 (2604 turns).

taqueso the Slasher (Spriggan Gladiator)            Turns: 2604, Time: 00:06:46

Health: -1/25      AC:  3    Str: 11    XL:     5   Next: 41%
Magic:  6/6        EV: 20    Int: 10    God:    Ashenzari [......]
Gold:   128        SH:  0    Dex: 17    Spells: 0 memorised, 4 levels left

rFire  . . .     SeeInvis +     a - +1 long sword (curse)
rCold  . . .     Gourm    .     q - +1 animal skin
rNeg   . . .     Faith    .     (shield restricted)
rPois  .         Spirit   .     c - +0 hat
rElec  .         Reflect  .     (no cloak)
rCorr  .         Harm     .     (gloves unavailable)
MR     .....                    (boots unavailable)
Stlth  ++........               (no amulet)
                                (no ring)
                                (no ring)

@: very quick
A: unfitting armour, see invisible, herbivore 3, speed 3, slow metabolism 2
a: Curse Item, Renounce Religion


You were in a sewer.
You worshipped Ashenzari.
Ashenzari was noncommittal.
You were not hungry.

You visited 1 branch of the dungeon, and saw 3 of its levels.
You also visited: Sewer.

You collected 128 gold pieces.

Inventory:

Hand Weapons
 a - a cursed +1 long sword (weapon)
Missiles
 d - 3 throwing nets {=f!f}
 g - 117 stones (quivered)
Armour
 b - a +0 robe
 c - a +0 hat (worn)
 q - a +1 animal skin (worn)
Wands
 v - a wand of slowing (12/48)
Scrolls
 h - 3 scrolls of remove curse
 l - a scroll of immolation {unknown}
 n - a scroll of amnesia {unknown}
 r - a scroll of identify {unknown}
 s - a scroll of teleportation {unknown}
Potions
 i - a potion of might {unknown}
 k - a potion of heal wounds {unknown}
 m - 2 potions of lignification {unknown}
 o - 2 potions of curing {unknown}
 p - 2 potions of beneficial mutation {unknown}
 t - a potion of brilliance {unknown}
 u - 4 potions of agility {unknown}
 w - 2 potions of flight {unknown}
Comestibles
 f - 2 bread rations


   Skills:
 - Level 1.5 Fighting
 * Level 5.1 Long Blades
 - Level 2.0 Throwing
 - Level 4.4 Dodging


You had 4 spell levels left.
You didn't know any spells.

Dungeon Overview and Level Annotations

Branches:
Dungeon (3/15)

Altars:
Ashenzari
Sif Muna


Innate Abilities, Weirdness & Mutations

You are very small and have problems with some larger weapons.
You are too small for most types of armour.
You have supernaturally acute eyesight. (SInv)
You are a herbivore.
You cover ground extremely quickly.
You need consume almost no food.


Message History

You hit the crocodile.
The crocodile is moderately wounded.
The crocodile misses you.
You closely miss the crocodile.
The crocodile is moderately wounded.
The crocodile barely misses you.
You hit the crocodile.
The crocodile is moderately wounded.
The crocodile misses you. x2
You hit the crocodile.
The crocodile is heavily wounded.
The crocodile closely misses you.
You closely miss the crocodile.
The crocodile is heavily wounded.
The crocodile misses you.
You hit the crocodile.
The crocodile is heavily wounded.
The crocodile bites you!
Ouch! That really hurt!
You die...

### # .≈.## ## ?
## ≈≈...### #.
$.##.. #.≈≈..###
#. ##.≈.≈
#...≈.###≈ .((..≈#
##...≈≈..≈
#.(...###
###.....###.
#...≈≈####≈.≈..###
#. #t@...≈≈...###
#. ###.≈....### ##
######## # # #


You could see a crocodile.

Vanquished Creatures
  Jessica (D:2)
  Robin (D:2)
  3 adders (D:3)
  A river rat (D:3)
  An ooze (D:1)
  3 worms
  A dart slug (D:2)
  3 leopard geckos
  4 orcs (D:3)
  2 ball pythons (D:3)
  9 giant cockroaches
  13 goblins
  10 hobgoblins
  6 jackals
  12 kobolds
  A quokka (D:3)
  9 bats
  4 frilled lizards
  11 rats
95 creatures vanquished.

Notes
Turn   | Place    | Note
-------+----------+-------------------------------------------
     0 | D:1      | taqueso the Spriggan Gladiator began the quest for the Orb.
     0 | D:1      | Reached XP level 1. HP: 10/10 MP: 2/2
   119 | D:1      | Reached XP level 2. HP: 12/14 MP: 3/3
   129 | D:1      | Reached skill level 3 in Long Blades
   596 | D:1      | Reached XP level 3. HP: 18/18 MP: 4/4
  1007 | D:2      | Noticed Robin
  1021 | D:2      | Killed Robin
  1021 | D:2      | Reached skill level 4 in Long Blades
  1072 | D:2      | Reached XP level 4. HP: 16/22 MP: 5/5
  1225 | D:2      | Noticed Jessica
  1243 | D:2      | Killed Jessica
  2083 | D:3      | Reached XP level 5. HP: 17/25 MP: 6/6
  2358 | D:3      | Found a shattered altar of Ashenzari.
  2358 | D:3      | Found a deep blue altar of Sif Muna.
  2362 | D:3      | Became a worshipper of Ashenzari the Shackled
  2396 | D:3      | Reached skill level 5 in Long Blades
  2420 | D:3      | Found a glowing drain.
  2439 | Sewer    | Entered a sewer
  2589 | Sewer    | Noticed a crocodile
  2604 | Sewer    | Slain by a crocodile

Skill      XL: |  1  2  3  4  5 |
---------------+----------------+-----
Long Blades    | 3 4 5 |  5.1
Fighting       | |  1.5
Throwing       | |  2.0
Dodging        | |  4.4

Action                   |  1- 3 |  4- 6 || total
-------------------------+-------+-------++-------
Melee: Long sword        |    64 |   121 ||   185
Throw: Stone             |   107 |   108 ||   215
Invok: Curse Item        |       |     1 ||     1
  Use: Scroll            |       |     1 ||     1
Armor: Robe              |     6 |       ||     6
       Animal skin       |       |    10 ||    10
Dodge: Dodged            |    60 |   132 ||   192
       Rpst.: Long sword |    16 |    40 ||    56
